 Dungeon Crawl Stone Soup version 0.30.0-29-ga12c61a403 (webtiles) character file.

Game seed: 1943047063341363549

149 qw the Chopper (level 5, -2/32 HPs)
             Began as a Gargoyle Fighter on June 4, 2023.
             Slain by a gnoll
             ... wielding a +3 flail of protection
              (5 damage)
             ... on level 3 of the Dungeon.
             The game lasted 00:01:23 (2957 turns).

qw the Chopper (Gargoyle Fighter)                   Turns: 2957, Time: 00:01:23

Health: -2/32      AC: 14    Str: 22    XL:     5   Next: 31%
Magic:  5/5        EV:  8    Int:  8    God:
Gold:   150        SH:  4    Dex:  9    Spells: 4/4 levels left

rFire   + . .        Y - +0 war axe
rCold   . . .        c - +0 buckler
rNeg    + . .        u - +0 chain mail
rPois   inf          (no helmet)
rElec   +            l - +0 cloak
rCorr   .            (no gloves)
SInv    .            (no boots)
Will    .....        (no amulet) Stlth
                     s - ring of protection from fire
HPRegen 0.25/turn    (no ring)
MPRegen 0.09/turn

%: no passive effects
@: no status effects
A: sickness immunity, AC +4, negative energy resistance 1, electricity
resistance, torment resistance 1, petrification resistance
a: no special abilities


You were on level 3 of the Dungeon.
You visited 1 branch of the dungeon, and saw 4 of its levels.

You collected 150 gold pieces.


Innate Abilities, Weirdness & Mutations

You are immune to sickness and miasma.
Your stone body is resilient. (AC +4)
You are immune to poison.
You resist negative energy. (rN+)
You are resistant to electric shocks. (rElec)
You are resistant to unholy torment.
You are immune to petrification.


   Skills:
 - Level 3.2 Fighting
 + Level 4.6 Axes
 - Level 1.2 Throwing
 - Level 3.2 Armour
 - Level 3.2 Shields


You had 4 spell levels left.
You didn't know any spells.
Your spell library was empty.

Inventory:

Hand Weapons
 o - a +0 mace
 Y - a +0 war axe (weapon)
Missiles
 b - a boomerang
 r - 6 javelins (quivered)
Armour
 c - a +0 buckler (worn)
 l - a +0 cloak (worn)
 u - a +0 chain mail (worn)
Jewellery
 h - a ring of ice
 s - a ring of protection from fire (left hand)
Scrolls
 m - a scroll of identify
Potions
 d - a potion of might
 e - a potion of lignification
 f - 3 potions of curing
 i - a potion of resistance
 k - a potion of haste
 n - a potion of heal wounds
 q - a potion of attraction

Dungeon Overview and Level Annotations

Branches:
Dungeon (4/15)
 Temple: D:4-7

Altars:


Message History

You start resting.
HP restored.
Done exploring.
(D) Dungeon
Where to? (* - list waypoints, Enter - D:4, ? - help)
What level of the Dungeon? (default 1, ? - help)
There is a stone staircase leading down here.
You climb downwards.
The gnoll shouts!
You block the gnoll's attack.
There is a stone staircase leading up here.
You closely miss the gnoll. The gnoll hits you but does no damage.
The gnoll barely misses you.
You closely miss the gnoll. The gnoll hits you but does no damage.
The gnoll closely misses you. You block the gnoll's attack. x2
You slash the gnoll!
The gnoll is heavily wounded.
You barely miss the gnoll. The gnoll barely misses you.
The gnoll closely misses you.
You barely miss the gnoll.
The gnoll is heavily wounded.
You hit the gnoll.
The gnoll hits you from afar with a +0 halberd.
The gnoll hits you with a +3 flail of protection.
The gnoll hits you but does no damage.
2955 ||| STAIRDANCE You block the gnoll's attack.
The gnoll hits you but does no damage.
The gnoll hits you from afar with a +0 halberd!
You climb upwards.
There is a stone staircase leading down here.
You barely miss the gnoll.
The gnoll is heavily wounded.
The orc shouts!
You hit the gnoll. The gnoll hits you with a +0 club.
The gnoll hits you with a +3 flail of protection!
The gnoll barely misses you.
The gnoll hits you with a +3 flail of protection.
You die...

### ##...#.#.###.########## ..#
##..o.....)............. #.#
#.........###.#%######## #.#
#........## #.>..## #### #.####
#.#...#..# #.....# #... .....#
#.##.##..####....## #.## #.##.#
#.##.##.......#.## #.# #.##.#
#.##.###.######.# #.# #<##.#
#...).g@g# #.# #.## ..##.#
####.##### ##'## #... ####.# #.#
##...## #### ## #.# #.##
##.....## .###.# #..##
##.......## #
..##.########...####.........####
...................'.........'...
..##.########...####.......[.####
.....## #..## ##.......## #


You could see 2 gnolls.

Vanquished Creatures
  An orc priest (D:3)
  An orc wizard (D:3)
  2 adders
  A worm (D:2)
  5 orcs
  6 bats
  6 endoplasms
  4 giant cockroaches
  7 goblins
  6 hobgoblins
  2 kobolds
  7 quokkas
  7 ball pythons
  4 frilled lizards
  6 rats (D:1)
65 creatures vanquished.

Notes
Turn   | Place    | Note
-------+----------+-------------------------------------------
     0 | D:1      | qw the Gargoyle Fighter began the quest for the Orb.
     0 | D:1      | Reached XP level 1. HP: 14/14 MP: 1/1
     0 | D:1      | 0 ||| qw: Version: 0.2-a-107-g4668610
     0 | D:1      | 0 ||| qw: Game counter: 1221
     0 | D:1      | 0 ||| qw: Always use a shield: true
     0 | D:1      | 0 ||| qw: God list: Okawaru
     0 | D:1      | 0 ||| qw: Allow faded altars: false
     0 | D:1      | 0 ||| qw: Do Orc after D:15 true
     0 | D:1      | 0 ||| qw: Do second Lair branch before Depths: true
     0 | D:1      | 0 ||| qw: Lair rune preference: random
     0 | D:1      | 0 ||| qw: Plans: Normal, Zot:1-4, Slime:5, God:TSO, Crypt,
                  | Tomb, Abyss, Pan, Hells, Win
     0 | D:1      | 0 ||| PLANNING D:1-11
    58 | D:1      | Reached skill level 2 in Axes
   220 | D:1      | Reached XP level 2. HP: 19/19 MP: 2/2
   297 | D:1      | 297 ||| Stepping ~*~*~tactically~*~*~ (water).
   333 | D:1      | 333 ||| Stepping ~*~*~tactically~*~*~ (stealth).
   396 | D:1      | Found a faded altar of an unknown god.
   451 | D:1      | Reached skill level 3 in Axes
   480 | D:1      | Reached XP level 3. HP: 23/23 MP: 3/3
   960 | D:1      | 960 ||| DROPPING +0 club.
  1110 | D:1      | 1110 ||| READING scroll labelled ZEBIAKL VUDU.
  1111 | D:1      | 1111 ||| READING scroll labelled ICRUACK DIUTING.
  1112 | D:1      | 1112 ||| READING 2 scrolls labelled FUCES NIADIEV.
  1113 | D:1      | 1113 ||| READING 3 scrolls labelled ILEUCWUEFF.
  1114 | D:1      | 1114 ||| READING scroll labelled NYOPUR LECU.
  1115 | D:1      | 1115 ||| DRINKING 2 pink potions.
  1116 | D:1      | 1116 ||| DROPPING 2 scrolls of blinking.
  1234 | D:2      | 1234 ||| Stepping ~*~*~tactically~*~*~ (stealth).
  1238 | D:2      | 1238 ||| Stepping ~*~*~tactically~*~*~ (stealth).
  1428 | D:2      | Reached XP level 4. HP: 28/28 MP: 4/4
  1469 | D:2      | 1469 ||| Stepping ~*~*~tactically~*~*~ (stealth).
  1476 | D:2      | 1476 ||| Stepping ~*~*~tactically~*~*~ (stealth).
  1822 | D:2      | 1822 ||| UPGRADING to +0 cloak.
  1827 | D:2      | 1827 ||| UPGRADING to +0 chain mail.
  1837 | D:2      | 1837 ||| DROPPING +0 scale mail.
  1838 | D:2      | 1838 ||| UPGRADING to ring of protection from fire.
  1839 | D:2      | 1839 ||| READING scroll labelled NYEBRA IMMAB.
  1840 | D:2      | 1840 ||| READING 2 scrolls labelled JUD EXKIBLIRR.
  1843 | D:2      | 1843 ||| READING scroll labelled REROXK AROHIH.
  1844 | D:2      | 1844 ||| READING scroll labelled WOSOTY TOLAF.
  1845 | D:2      | 1845 ||| DRINKING 2 murky orange potions.
  1900 | D:2      | 1900 ||| DRINKING 2 fuming golden potions.
  1901 | D:2      | 1901 ||| READING 4 scrolls of identify.
  1901 | D:2      | 1901 ||| IDENTIFYING metallic golden potion
  1902 | D:2      | 1902 ||| READING 3 scrolls of identify.
  1902 | D:2      | 1902 ||| IDENTIFYING fizzy white potion
  1903 | D:2      | 1903 ||| READING 2 scrolls of identify.
  1903 | D:2      | 1903 ||| IDENTIFYING coppery potion
  1904 | D:2      | 1904 ||| DROPPING potion of flight.
  2342 | D:3      | Reached skill level 1 in Throwing
  2486 | D:3      | Reached skill level 4 in Axes
  2678 | D:3      | 2678 ||| Stepping ~*~*~tactically~*~*~ (stealth).
  2797 | D:3      | 2797 ||| READING scroll labelled ZIODIR EGGICVE.
  2798 | D:3      | 2798 ||| READING 2 scrolls of identify.
  2798 | D:3      | 2798 ||| IDENTIFYING sapphire potion
  2852 | D:4      | Reached XP level 5. HP: 32/32 MP: 5/5
  2855 | D:4      | 2855 ||| STAIRDANCE
  2858 | D:3      | HP: 5/32 [orc/+0 morningstar (8)]
  2859 | D:3      | 2859 ||| READING scroll of teleportation.
  2860 | D:3      | 2860 ||| DRINKING 2 potions of heal wounds.
  2937 | D:3      | 2937 ||| Stepping ~*~*~tactically~*~*~ (stealth).
  2938 | D:3      | 2938 ||| Stepping ~*~*~tactically~*~*~ (stealth).
  2955 | D:4      | 2955 ||| STAIRDANCE
  2957 | D:3      | HP: 3/32 [gnoll/+3 flail of protection (11)]
  2957 | D:3      | Slain by a gnoll

Levels and vault maps discovered:
D:1:      dpeg_arrival_prison, layout_basic,
          shapermc_ecumenical_altar_mp_urbaneastern, chequers_big_river,
          minmay_misc_feat_encased
D:2:      layout_loops_ring, grunt_decor_mini_mirrors, minmay_indecisive_spiral
D:3:      layout_loops_corners
D:4:      layout_cave_pods, serial_column_ruins, column_ruins_open_tiny,
          column_ruins_columns_straight, column_ruins_grid_2,
          column_ruins_corridor_corner, column_ruins_grid_3,
          column_ruins_open_medium, column_ruins_corridor_plus, hex_large,
          uniq_grinder, uniq_menkaure

Skill      XL: |  1  2  3  4 |
---------------+-------------+-----
Axes           | 2 3 4 |  4.6
Throwing       | 1 |  1.2
Fighting       | |  3.2
Armour         | |  3.2
Shields        | |  3.2

Action                     |  1- 3 |  4- 6 || total
---------------------------+-------+-------++-------
  Melee: War axe           |   139 |    60 ||   199
  Throw: Javelin           |       |    16 ||    16
    Use: Scroll            |     5 |    10 ||    15
         Potion            |     1 |     3 ||     4
 Armour: Scale mail        |    82 |     1 ||    83
         Chain mail        |       |    38 ||    38
  Dodge: Dodged            |    58 |    31 ||    89
  Block: Buckler           |    27 |    15 ||    42

Table legend:
 A = Non-vault XP
 B = Vault XP
 C = Vault XP percentage of total XP
 D = Non-vault monster count
 E = Vault monster count
 F = Vault count percentage of total count
                 A         B        C        D         E       F
            +---------+---------+-------+---------+---------+-------
      Total |     204 |      10 |   4.7 |      58 |       7 |  10.8
            +---------+---------+-------+---------+---------+-------
        D:1 |      49 |       3 |   5.8 |      31 |       3 |   8.8
        D:2 |      32 |       7 |  17.9 |       9 |       4 |  30.8
        D:3 |     117 |       0 |   0.0 |      16 |       0 |   0.0
        D:4 |       6 |       0 |   0.0 |       2 |       0 |   0.0
            +---------+---------+-------+---------+---------+-------
